 Dungeon Crawl Stone Soup version 0.18-a0-1121-gb454403 (webtiles) character file.

74 ater218 the Sneak (level 4, -7/30 HPs)
             Began as a Vampire Enchanter on Jan 18, 2016.
             Mangled by a gnoll
             ... wielding a cursed -2 spear
              (9 damage)
             ... on level 1 of the Dungeon.
             The game lasted 00:08:28 (2221 turns).

ater218 the Sneak (Vampire Enchanter)               Turns: 2221, Time: 00:08:28

Health: -7/30      AC:  4    Str:  7    XL:     4   Next: 9%
Magic:  0/7        EV: 13    Int: 18    God:
Gold:   94         SH:  0    Dex: 14    Spells: 2 memorised, 4 levels left

rFire  . . .     SeeInvis +     f - -1 dagger (curse)
rCold  + . .     Gourm    .     b - +2 robe
rNeg   + + .     Faith    .     (no shield)
rPois  +         Spirit   .     (no helmet)
rElec  .         Dismiss  .     (no cloak)
rCorr  .         Reflect  .     (no gloves)
SustAt .         Harm     .     (no boots)
MR     .....                    (no amulet)
Stlth  ++++......               (no ring)
                                (no ring)

@: regenerating slowly, not resistant to hostile enchantments, stealthy
A: fangs 3, see invisible, unbreathing
a: Bat Form


You were on level 1 of the Dungeon.
You were thirsty.

You visited 1 branch of the dungeon, and saw 2 of its levels.

You collected 94 gold pieces.

Inventory:

Hand Weapons
 a - a +1 dagger
 f - a cursed -1 dagger (weapon)
Armour
 b - a +2 robe (worn)
Scrolls
 e - 2 scrolls of identify
 g - a scroll of teleportation
Potions
 d - 12 potions of blood
Books
 c - a book of Maledictions

   Spells                             Type                      Level
   a - Corona                         Hexes                        1
   b - Ensorcelled Hibernation        Hexes/Ice                    2
   c - Confuse                        Hexes                        3
   d - Tukima's Dance                 Hexes                        3
   e - Dazzling Spray                 Conjuration/Hexes            3


   Skills:
 * Level 1.8 Short Blades
 + Level 2.5 Dodging
 * Level 6.2 Stealth
 + Level 2.3 Spellcasting
 + Level 4.6 Hexes
 + Level 0.4 Ice Magic


You had 4 spell levels left.
You knew the following spells:

 Your Spells              Type           Power        Failure   Level  Hunger
a - Corona                Hex            ###....      2%          1    #......
b - Ensorcelled Hibernat  Hex/Ice        ##....       12%         2    ##.....


Dungeon Overview and Level Annotations

Branches:
Dungeon (2/15)

Altars:
Ashenzari
The Shining One


Innate Abilities, Weirdness & Mutations

You heal slowly.
You have razor-sharp teeth.
You have supernaturally acute eyesight.
You can survive without breathing.


Message History

Confirm with . or Enter, or press ? or * to list all spells.
Aiming: Ensorcelled Hibernation
Press: ? - help, Shift-Dir - straight line, f/p - gnoll
Aim: a gnoll, wielding an enchanted spear (chance to defeat MR: 50%)
The gnoll resists with some effort.
You are feeling thirsty.
The gnoll misses you.
The gnoll hits you with an enchanted spear.
* * * LOW HITPOINT WARNING * * *
You feel much better. The gnoll hits you!
The gnoll hits you with an enchanted spear!
* * * LOW HITPOINT WARNING * * *
Drink which item? (? for menu, Esc to quit)
Okay, then.
You hit the gnoll but do no damage. The gnoll closely misses you.
You hit the gnoll but do no damage. The gnoll misses you. The gnoll hits you.
* * * LOW HITPOINT WARNING * * *
You barely miss the gnoll.
The gnoll hits you with an enchanted spear!
You die...

######### ############
#.......# #....g@g...#
#.#####.# #.########.#
#.# #.# #.# #.# #.# #..
##.########.####.# #..
#................#####.รท
#..###..................
#..# #.####.##.########.
#..# #.# #.##.### #. #..#
#.# #......# #.


You could see 2 gnolls.

Vanquished Creatures
  2 gnolls (D:2)
  An adder (D:2)
  An ooze (D:1)
  3 worms
  2 giant geckos (D:1)
  5 bats
  2 giant cockroaches
  A goblin (D:2)
  4 hobgoblins
  A jackal (D:1)
  3 kobolds
  2 giant newts (D:1)
  6 rats (D:1)
33 creatures vanquished.

Notes
Turn   | Place    | Note
--------------------------------------------------------------
     0 | D:1      | ater218 the Vampire Enchanter began the quest for the Orb.
     0 | D:1      | Reached XP level 1. HP: 13/13 MP: 3/3
   336 | D:1      | Reached XP level 2. HP: 7/19 MP: 5/5
   340 | D:1      | Learned a level 2 spell: Ensorcelled Hibernation
   735 | D:1      | Reached skill level 5 in Stealth
  1073 | D:2      | Found a glowing golden altar of the Shining One.
  1085 | D:2      | Reached XP level 3. HP: 16/24 MP: 3/6
  1877 | D:2      | Found a shattered altar of Ashenzari.
  2005 | D:2      | Reached skill level 6 in Stealth
  2144 | D:2      | HP: 1/24 [gnoll/spear (2)]
  2213 | D:2      | Reached XP level 4. HP: 12/30 MP: 4/7
  2217 | D:1      | HP: 1/30 [gnoll/enchanted spear (1)]
  2221 | D:1      | Mangled by a gnoll

Vault maps used:
D:1:      scummos_arrival_checkerplants, minmay_misc_feat_ornament, st_stairs_9
D:2:      nicolae_ashenzari_panopticon, tso_metal_star

Action                   |  1- 3 |  4- 6 || total
-------------------------+-------+-------++-------
Melee: Dagger            |    87 |     3 ||    90
 Cast: Corona            |     5 |       ||     5
       Ensorcelled Hiber |    24 |     2 ||    26
  Use: Scroll            |     3 |       ||     3
       Potion            |     9 |     1 ||    10
 Stab: Sleeping          |    22 |       ||    22
